 Dungeon Crawl Stone Soup version 0.28.0 (webtiles) character file.

Game seed: 17363694443722300025

130 croobank the Chopper (level 5, -12/47 HPs)
             Began as a Gnoll Cinder Acolyte on Feb 16, 2022.
             Was an Elder of Ignis.
             Killed by divine providence
             ... invoked by an orc priest
              (15 damage)
             ... on level 3 of the Dungeon.
             The game lasted 00:08:39 (2257 turns).

croobank the Chopper (Gnoll Cinder Acolyte)         Turns: 2257, Time: 00:08:40

Health: -12/47     AC: 13    Str: 14    XL:     5   Next: 14%
Magic:  7/9        EV: 14    Int: 13    God:    Ignis [****..]
Gold:   103        SH:  0    Dex:  9    Spells: 8/10 levels left

rFire   + . .      SeeInvis .   a - +0 hand axe
rCold   . . .      Faith    .   w - orb {*Rage}
rNeg    . . .      Spirit   .   u - +0 ring mail
rPois   .          Reflect  .   c - +0 helmet
rElec   .          Harm     .   (no cloak)
rCorr   .          Rampage  .   (no gloves)
Will    .....      Rage     20% (no boots)
Stlth   +.........              e - amulet of magic regeneration
HPRegen 0.15/turn               m - +4 ring of evasion
MPRegen 0.51/turn               (no ring)

@: fiery-armoured
A: fangs 1, strong nose, distributed training
a: Renounce Religion, Fiery Armour, Foxfire Swarm, Rising Flame


You were on level 3 of the Dungeon.
You worshipped Ignis.
Ignis was greatly pleased with you.
You visited 1 branch of the dungeon, and saw 3 of its levels.

You collected 103 gold pieces.

Inventory:

Hand Weapons
 a - a +0 hand axe (weapon)
 b - a +0 hunting sling
 h - a -1 hand axe of flaming
 x - a +0 dagger of venom
Missiles
 g - 16 stones
 p - 17 sling bullets
 q - 18 bolts
 r - 2 curare-tipped darts (quivered)
Armour
 c - a +0 helmet (worn)
 i - a +0 leather armour
 k - a +0 robe
 u - a +0 ring mail (worn)
 w - an orb of wrath (worn)
Magical Staves
 j - a staff of conjuration
Jewellery
 e - an amulet of magic regeneration (around neck)
 m - a +4 ring of evasion (left hand)
Scrolls
 f - a scroll of holy word {unknown}
 l - a scroll of silence {unknown}
 n - a scroll of blinking {unknown}
 o - a scroll of fog {unknown}
 t - 2 scrolls of identify
Potions
 d - a potion of lignification
 s - a potion of berserk rage {unknown}
 v - a potion of cancellation {unknown}


   Skills:
 + Level 6.6 Fighting
 + Level 1.4 Short Blades
 + Level 1.4 Long Blades
 + Level 6.6 Axes
 + Level 1.4 Maces & Flails
 + Level 1.4 Polearms
 + Level 1.4 Staves
 + Level 1.4 Slings
 + Level 1.4 Bows
 + Level 1.4 Crossbows
 + Level 1.4 Throwing
 + Level 1.4 Armour
 + Level 1.4 Dodging
 + Level 1.4 Stealth
 + Level 1.4 Shields
 + Level 1.4 Unarmed Combat
 + Level 3.1 Spellcasting
 + Level 1.1 Conjurations
 + Level 1.1 Hexes
 + Level 1.1 Summonings
 + Level 1.1 Necromancy
 + Level 1.1 Translocations
 + Level 1.1 Transmutations
 + Level 5.5 Fire Magic
 + Level 1.1 Ice Magic
 + Level 1.1 Air Magic
 + Level 1.1 Earth Magic
 + Level 1.1 Poison Magic
 + Level 1.5 Invocations
 + Level 1.4 Evocations


You had 8 spell levels left.
You knew the following spells:

 Your Spells              Type           Power      Damage    Failure   Level
a - Scorch                Fire           32%        2d6       8%          2

Your spell library contained the following spells:

 Spells                   Type           Power      Damage    Failure   Level


Dungeon Overview and Level Annotations

Branches:
Dungeon (3/15)

Altars:
Uskayaw


Innate Abilities, Weirdness & Mutations

You have very sharp teeth.
Your uncanny sense of smell can sniff out nearby items.
Your experience applies equally to all skills.


Message History

The orc priest is almost dead.
The foxfire hits the orc priest.
You kill the orc priest!
Your Conjurations skill increases to level 1!
Your Hexes skill increases to level 1!
Your Summonings skill increases to level 1!
Your Necromancy skill increases to level 1!
Your Translocations skill increases to level 1!
Your Transmutations skill increases to level 1!
Your Ice Magic skill increases to level 1!
Your Air Magic skill increases to level 1!
Your Earth Magic skill increases to level 1!
Your Poison Magic skill increases to level 1!
Okay, then.
Casting: Scorch (safe; 8% risk of failure)
Confirm with . or Enter, or press ? or * to list all spells.
You don't know that spell.
Casting: Scorch (safe; 8% risk of failure)
Confirm with . or Enter, or press ? or * to list all spells.
Okay, then.
Activating: Foxfire Swarm
Press: ? - help, Dir - look around, f - activate
Okay, then.
Casting: Scorch (safe; 8% risk of failure)
Confirm with . or Enter, or press ? or * to list all spells.
You don't know that spell.
Casting: Scorch (safe; 8% risk of failure)
Confirm with . or Enter, or press ? or * to list all spells.
Flames lash the orc wizard.
You kill the orc wizard!
You have reached level 5!
Casting: Scorch (safe; 8% risk of failure)
Confirm with . or Enter, or press ? or * to list all spells.
Okay, then.
Activating: Foxfire Swarm
Press: ? - help, Dir - look around, f - activate Flames leap up around you!
The orc priest mumbles some strange prayers to Beogh against you.
Beogh smites you!
You die...

#..........#
##...##
#####..##..#
#.....#
#..##..######...##
#..##...........#
##..###.#######.##
#...###.# #.#
#.#..>..# #+##
#...##### ##vv.##
###.### ##@vv..##
#.#.## ##vvvv...##
#....####vvvvv....#
#.(.....'>o#....?.+
#....####)...#....#
#.#.## ##o#.....##
#.### #...#..## #.#
#.#...## #.#
#...#.#


You could see an orc priest (ally target) and an orc (ally target).

Vanquished Creatures
  An orc priest (D:3)
  An orc wizard (D:3)
  An adder (D:2)
  3 dart slugs (D:1)
  8 bats
  6 endoplasms
  5 giant cockroaches
  6 goblins
  7 hobgoblins
  2 jackals (D:1)
  2 kobolds
  2 quokkas (D:1)
  4 ball pythons
  7 frilled lizards
  3 rats
58 creatures vanquished.

Vanquished Creatures (others)
  8 foxfires (D:3)
8 creatures vanquished.

Grand Total: 66 creatures vanquished

Notes
Turn   | Place    | Note
-------+----------+-------------------------------------------
     0 | D:1      | croobank the Gnoll Cinder Acolyte began the quest for the
                  | Orb.
     0 | D:1      | Reached XP level 1. HP: 23/23 MP: 4/4
   142 | D:1      | Reached XP level 2. HP: 7/29 MP: 5/5
   145 | D:1      | Learned a level 2 spell: Scorch
   675 | D:1      | Reached XP level 3. HP: 35/35 MP: 5/7
   779 | D:1      | Reached skill level 1 in Invocations
  1260 | D:2      | Found a faded altar of an unknown god.
  1603 | D:2      | Reached skill level 1 in Short Blades
  1603 | D:2      | Reached skill level 1 in Long Blades
  1603 | D:2      | Reached skill level 1 in Maces & Flails
  1603 | D:2      | Reached skill level 1 in Polearms
  1603 | D:2      | Reached skill level 1 in Staves
  1603 | D:2      | Reached skill level 1 in Slings
  1603 | D:2      | Reached skill level 1 in Bows
  1603 | D:2      | Reached skill level 1 in Crossbows
  1603 | D:2      | Reached skill level 1 in Throwing
  1603 | D:2      | Reached skill level 1 in Armour
  1603 | D:2      | Reached skill level 1 in Dodging
  1603 | D:2      | Reached skill level 1 in Stealth
  1603 | D:2      | Reached skill level 1 in Shields
  1603 | D:2      | Reached skill level 1 in Unarmed Combat
  1603 | D:2      | Reached skill level 1 in Evocations
  1737 | D:2      | Reached XP level 4. HP: 41/41 MP: 4/8
  1991 | D:2      | Found a hide-covered altar of Uskayaw.
  2251 | D:3      | HP: 1/41 [orc priest (3)]
  2254 | D:3      | Reached skill level 1 in Conjurations
  2254 | D:3      | Reached skill level 1 in Hexes
  2254 | D:3      | Reached skill level 1 in Summonings
  2254 | D:3      | Reached skill level 1 in Necromancy
  2254 | D:3      | Reached skill level 1 in Translocations
  2254 | D:3      | Reached skill level 1 in Transmutations
  2254 | D:3      | Reached skill level 1 in Ice Magic
  2254 | D:3      | Reached skill level 1 in Air Magic
  2254 | D:3      | Reached skill level 1 in Earth Magic
  2254 | D:3      | Reached skill level 1 in Poison Magic
  2256 | D:3      | Reached XP level 5. HP: 2/47 MP: 6/9
  2257 | D:3      | Killed from afar by an orc priest

Illustrated notes

Levels and vault maps discovered:
D:1:      scummos_arrival_hexagon, layout_loops_ring, minmay_crystal_room,
          roderic_lattice_a
D:2:      layout_loops_corners, basic_altar, chequers_ecumenical_altar_grove
D:3:      layout_loops_corners, mainiacjoe_overflow_surrounded_room,
          minmay_misc_feat_pillars

Skill      XL: |  1  2  3  4 |
---------------+-------------+-----
Invocations    | 1 |  1.5
Short Blades   | 1 |  1.4
Long Blades    | 1 |  1.4
Maces & Flails | 1 |  1.4
Polearms       | 1 |  1.4
Staves         | 1 |  1.4
Slings         | 1 |  1.4
Bows           | 1 |  1.4
Crossbows      | 1 |  1.4
Throwing       | 1 |  1.4
Armour         | 1 |  1.4
Dodging        | 1 |  1.4
Stealth        | 1 |  1.4
Shields        | 1 |  1.4
Unarmed Combat | 1 |  1.4
Evocations     | 1 |  1.4
Spellcasting   | 3 |  3.1
Conjurations   | 1 |  1.1
Hexes          | 1 |  1.1
Summonings     | 1 |  1.1
Necromancy     | 1 |  1.1
Translocations | 1 |  1.1
Transmutations | 1 |  1.1
Ice Magic      | 1 |  1.1
Air Magic      | 1 |  1.1
Earth Magic    | 1 |  1.1
Poison Magic   | 1 |  1.1
Fighting       | |  6.6
Axes           | |  6.6
Fire Magic     | |  5.5

Action                   |  1- 3 |  4- 6 || total
-------------------------+-------+-------++-------
Melee: Hand axe          |    60 |     7 ||    67
       Bite              |     4 |       ||     4
 Cast: Scorch            |    34 |    13 ||    47
Invok: Foxfire Swarm     |       |     2 ||     2
       Fiery Armour      |       |     1 ||     1
  Use: Scroll            |     1 |       ||     1
Armor: Robe              |     4 |       ||     4
       Leather armour    |     6 |       ||     6
       Ring mail         |       |     2 ||     2
Dodge: Dodged            |    47 |     9 ||    56
